 Dungeon Crawl Stone Soup version 0.26-a0-651-gb41185065b (webtiles) character file.

Game seed: 16421760728780386712

4060 Inarius the Cleaver (level 10, -9/75 HPs)
             Began as a Green Draconian Chaos Knight on Oct 3, 2020.
             Was a Plaything of Xom.
             Mangled by a wyvern (12 damage)
             ... on level 9 of the Dungeon.
             The game lasted 00:13:13 (9540 turns).

Inarius the Cleaver (Green Draconian Chaos Knight)  Turns: 9540, Time: 00:13:14

Health: -9/75      AC:  9    Str: 13    XL:     10   Next: 4%
Magic:  10/10      EV: 13    Int: 14    God:    Xom [....*.]
Gold:   525        SH:  0    Dex: 10    Spells: 9/9 levels left

rFire    + . .     SeeInvis .   p - +0 war axe
rCold    . . .     Faith    .   (no shield)
rNeg     . . .     Spirit   .   (armour unavailable)
rPois    +         Reflect  .   (helmet restricted)
rElec    .         Harm     .   (no cloak)
rCorr    .         Rampage  .   (no gloves)
MR       +....                  h - +1 pair of boots
Stlth    ++........             (no amulet)
HPRegen  0.22/turn              (no ring)
MPRegen  0.12/turn              (no ring)

@: short of breath, cleaving, drained
A: breathe noxious fumes, unfitting armour, antennae 1, clever 1, clumsy 1, fire
resistance 1, frail 1, magic resistance 1, poison resistance, screaming 1, weak
2, wild magic 1, cold-blooded, AC +7
a: Breathe Noxious Fumes, Renounce Religion


You were on level 9 of the Dungeon.
You worshipped Xom.
You were a beloved toy of Xom.
You visited 1 branch of the dungeon, and saw 9 of its levels.
You also visited: Sewer.

You collected 525 gold pieces.

Inventory:

Hand Weapons
 a - a +0 hand axe of chaos
 n - a +3 great mace
 p - a +0 war axe (weapon)
Armour
 h - a +1 pair of boots (worn)
Jewellery
 s - an uncursed ring of wizardry {unknown}
Scrolls
 b - 2 scrolls of fear
 c - 2 scrolls of teleportation
 f - 2 scrolls of enchant weapon {unknown}
 i - 3 scrolls of random uselessness {unknown}
 o - 2 scrolls of remove curse
 r - a scroll of blinking {unknown}
Potions
 d - a potion of haste
 e - 2 potions of cancellation
 g - 3 potions of flight
 j - 4 potions of brilliance {unknown}
 k - 2 potions of stabbing {unknown}
 l - a potion of curing
 m - a potion of heal wounds
 q - 2 potions of ambrosia {unknown}
 t - a potion of lignification {unknown}


   Skills:
 + Level 6.9(6.2) Fighting
 * Level 12.1(11.3) Axes
 + Level 5.5(4.8) Dodging
 - Level 2.0(1.4) Stealth


You had 9 spell levels left.
You didn't know any spells.
Your spell library contained the following spells:

 Spells                   Type           Power        Failure   Level
 Animate Skeleton         Necr           #.....       36%         1
 Pain                     Necr           #...         36%         1
 Vampiric Draining        Necr           #.........   73%         3
 Animate Dead             Necr           #.........   98%         4
 Agony                    Necr           #.......     100%        5


Dungeon Overview and Level Annotations

Branches:
Dungeon (9/15)             Temple (0/1) D:5           Sewer (visited)
   Lair: D:8-11         Orc: D:9-12

Altars:
Dithmenos
Fedhas
Gozag
Nemelex Xobeh
Trog
Uskayaw
Wu Jian
Xom
Yredelemnul

Annotations:
D:7 Joseph, Pikel


Innate Abilities, Weirdness & Mutations

You can breathe blasts of noxious fumes.
Your lurid green scales are hard. (AC +7)
You cannot fit into any form of body armour.
Your system is resistant to poisons. (rPois)
You are cold-blooded and may be slowed by cold attacks.
You have a pair of small antennae on your head.
Your mind is acute. (Int +2)
You are clumsy. (Dex -2)
Your flesh is heat resistant. (rF+)
You are frail. (-10% HP)
You are resistant to hostile enchantments. (MR+)
You occasionally shout uncontrollably at your foes.
You are very weak. (Str -4)
Your spells are a little harder to cast, but a little more powerful.


Message History

You are too injured to fight recklessly!
You are too injured to fight recklessly!
Press: ? - help, Shift-Dir - straight line, f - wyvern
Aim: a wyvern (heavily wounded)
You fail to use your ability.
The wyvern bites you.
* * * LOW HITPOINT WARNING * * *
Unknown command.
Unknown command.
Press: ? - help, Shift-Dir - straight line, f/p - wyvern
Aim: a wyvern (heavily wounded)
You exhale a blast of noxious fumes.
The blast of choking fumes hits the wyvern.
The wyvern is severely wounded.
The wyvern is engulfed in noxious fumes.
The wyvern bites you!
* * * LOW HITPOINT WARNING * * *
Xom thinks this is hilarious!
You emit a cloud of colourful smoke!
The wyvern is engulfed in noxious fumes.
The wyvern appears confused.
The wyvern bites you!
You die...

.......
.......
..[....###
.......○.##
.......☼..##
.......☼...#
#......l§..#
#.....§@...#
#.....§§...#
...........#
.##.......##
#.....$...
#.........#
#.........#
#.....!...#


You could see a wyvern (confused).

Vanquished Creatures
  Prince Ribbit (D:7)
  A hippogriff (D:8)
  Sigmund (D:2)
  2 yaks (D:6)
  A wyvern (D:8)
  A human (D:5)
  Edmund (D:5)
  Duvessa (D:7)
  A water moccasin (shapeshifter) (D:7)
  3 ice beasts
  An orc warrior (D:7)
  An ogre (D:7)
  A phantom (D:8)
  4 lemures (D:7)
  3 centaurs
  4 bullfrogs
  A gnoll sergeant (D:7)
  A scorpion (D:7)
  Dowan (D:7)
  A centaur zombie (D:6)
  A quasit (D:6)
  A centaur skeleton (D:7)
  2 hounds
  9 orc wizards
  4 orc priests
  An iguana (D:4)
  3 worker ants
  2 worker ant zombies
  17 adders
  8 gnolls (D:7)
  A shadow imp (D:7)
  2 white imps (D:7)
  An ufetubus (D:5)
  15 oozes
  3 worms
  A dart slug (D:1)
  20 leopard geckos
  20 orcs
  15 ball pythons
  7 bats
  13 giant cockroaches
  7 goblins
  4 hobgoblins
  6 jackals
  A quokka (D:6)
  13 frilled lizards
  A giant cockroach zombie (D:5)
  2 jackal skeletons
  2 jackal zombies
  5 kobolds
  A leopard gecko zombie (D:5)
  2 quokka skeletons
  9 rats
230 creatures vanquished.

Vanquished Creatures (collateral kills)
  4 yaks (D:6)
  A big kobold (D:4)
  A worker ant (D:5)
6 creatures vanquished.

Vanquished Creatures (others)
  A big kobold (D:4)
  A hobgoblin (D:1)
2 creatures vanquished.

Grand Total: 238 creatures vanquished

Notes
Turn   | Place    | Note
-------+----------+-------------------------------------------
     0 | D:1      | Inarius the Draconian Chaos Knight began the quest for the
                  | Orb.
     0 | D:1      | Reached XP level 1. HP: 19/19 MP: 1/1
    24 | D:1      | You fall into a shaft and drop 1 floor!
    52 | D:2      | Reached XP level 2. HP: 26/26 MP: 2/2
   542 | D:1      | Reached XP level 3. HP: 31/31 MP: 3/3
   678 | D:2      | Reached skill level 4 in Axes
   758 | D:2      | Noticed Sigmund
   768 | D:2      | XOM: divination: detect items
   776 | D:2      | Killed Sigmund
   776 | D:2      | Reached skill level 5 in Axes
   776 | D:2      | Reached XP level 4. HP: 19/40 MP: 4/4
   776 | D:2      | Reached XP level 5. HP: 21/46 MP: 5/5
  1125 | D:2      | XOM: give mutations
  1125 | D:2      | Gained mutation: Your body sometimes deteriorates upon
                  | taking damage. [Xom's mischief]
  1125 | D:2      | Gained mutation: You have a pair of small antennae on your
                  | head. [Xom's mischief]
  1125 | D:2      | Gained mutation: You occasionally shout uncontrollably at
                  | your foes. [Xom's mischief]
  1453 | D:3      | XOM: silly message
  1549 | D:3      | XOM: give mutations
  1549 | D:3      | Gained mutation: You are weak. (Str -2) [Xom's mischief]
  1549 | D:3      | Gained mutation: You are frail. (-10% HP) [Xom's mischief]
  1549 | D:3      | Gained mutation: Scrolls take you a little longer to read.
                  | [Xom's mischief]
  1915 | D:3      | XOM: 4-stop teleportation journey
  1984 | D:3      | XOM: give mutations
  1984 | D:3      | Gained mutation: You are clumsy. (Dex -2) [Xom's mischief]
  1984 | D:3      | Gained mutation: Scrolls take you longer to read. [Xom's
                  | mischief]
  2014 | D:3      | XOM: noise
  2471 | D:4      | Reached XP level 6. HP: 20/46 MP: 6/6
  2690 | D:4      | XOM: 3-stop teleportation journey
  2729 | D:4      | Reached skill level 1 in Stealth
  2931 | D:4      | XOM: swap monsters
  2941 | D:4      | Reached skill level 6 in Axes
  3213 | D:4      | Found a runed translucent door.
  3213 | D:4      | Noticed a human
  3216 | D:4      | Found a basalt altar of Yredelemnul.
  3499 | D:5      | Entered Level 5 of the Dungeon
  3598 | D:5      | Found a sparkling altar of Nemelex Xobeh.
  3903 | D:5      | Found a shimmering altar of Xom.
  3941 | D:5      | Found a glowing drain.
  3995 | Sewer    | Entered a sewer
  4150 | Sewer    | Your scales start taking on a lurid green colour.
  4150 | Sewer    | Reached XP level 7. HP: 52/54 MP: 7/7
  4150 | Sewer    | Gained mutation: Your system is resistant to poisons.
                  | (rPois) [Green Draconian growth]
  4281 | Sewer    | XOM: snakes to sticks
  4372 | Sewer    | XOM: smoke on damage
  4431 | Sewer    | Reached skill level 7 in Axes
  4479 | Sewer    | XOM: summons friendly ufetubus
  4769 | D:5      | Reached skill level 8 in Axes
  4770 | D:5      | Noticed a human
  4770 | D:5      | XOM: polymorph something unseen -> human
  4778 | D:5      | Killed a human
  4778 | D:5      | Reached XP level 8. HP: 60/60 MP: 8/8
  4857 | D:5      | Found a staircase to the Ecumenical Temple.
  4883 | D:5      | Noticed Edmund
  4886 | D:5      | XOM: summons 8 friendly demons
  4889 | D:5      | Reached skill level 5 in Fighting
  4898 | D:5      | Killed Edmund
  5292 | D:6      | XOM: god gift: potion of heal wounds
  5472 | D:6      | Reached skill level 9 in Axes
  5484 | D:6      | XOM: 1-stop teleportation journey
  5510 | D:6      | XOM: 2-stop teleportation journey
  5791 | D:6      | XOM: confusion (+ monsters)
  5796 | D:6      | XOM: summons 3 hostile shadow creatures
  5801 | D:6      | XOM: 2-stop teleportation journey
  5908 | D:6      | Found an ornate altar of the Wu Jian Council.
  6030 | D:6      | XOM: enchant monster (bad)
  6034 | D:6      | XOM: 1-stop teleportation journey
  6584 | D:6      | XOM: confuse monster(s)
  6597 | D:6      | XOM: potion effect (heal wounds)
  6600 | D:6      | Reached skill level 10 in Axes
  6600 | D:6      | Reached XP level 9. HP: 53/67 MP: 9/9
  6608 | D:6      | XOM: enchant monster (good)
  6621 | D:6      | XOM: cast spell 'Summon Mana Viper'
  6625 | D:6      | Reached skill level 5 in Dodging
  6729 | D:6      | XOM: give mutations
  6729 | D:6      | Lost mutation: Your body sometimes deteriorates upon taking
                  | damage. [Xom's mischief]
  6729 | D:6      | Gained mutation: You are very weak. (Str -4) [Xom's
                  | mischief]
  6729 | D:6      | Gained mutation: Your flesh is heat resistant. (rF+) [Xom's
                  | mischief]
  6856 | D:7      | Noticed Pikel
  6857 | D:7      | Noticed Joseph
  6859 | D:7      | XOM: 2-stop teleportation journey
  6863 | D:7      | Noticed Prince Ribbit
  6962 | D:7      | Noticed Dowan
  6965 | D:7      | Noticed Duvessa
  6984 | D:7      | Killed Dowan
  6992 | D:7      | Killed Duvessa
  7174 | D:7      | Reached skill level 11 in Axes
  7184 | D:7      | XOM: fake destruction
  7444 | D:7      | XOM: divination: detect creatures
  7450 | D:7      | XOM: cleaving
  7502 | D:7      | XOM: summons friendly shadow imp
  7516 | D:7      | Killed Prince Ribbit
  7562 | D:7      | XOM: divination: magic mapping
  7704 | D:7      | XOM: 1-stop teleportation journey
  7809 | D:7      | XOM: 5-stop teleportation journey
  7999 | D:7      | XOM: polymorph orc wizard -> shapeshifter
  8000 | D:7      | XOM: polymorph tarantella -> shapeshifter
  8339 | D:7      | Found an opulent altar of Gozag.
  8362 | D:7      | XOM: give mutations
  8362 | D:7      | Gained mutation: You are resistant to hostile enchantments.
                  | (MR+) [Xom's grace]
  8362 | D:7      | Gained mutation: Your mind is acute. (Int +2) [Xom's grace]
  8362 | D:7      | Gained mutation: Your spells are a little harder to cast,
                  | but a little more powerful. [Xom's grace]
  8481 | D:8      | XOM: 1-stop teleportation journey
  8483 | D:8      | Found a basalt altar of Yredelemnul.
  8499 | D:8      | XOM: fake destruction
  8652 | D:8      | XOM: 4-stop teleportation journey
  8759 | D:8      | Found a hide-covered altar of Uskayaw.
  8819 | D:8      | XOM: draining
  8853 | D:8      | Found a shadowy altar of Dithmenos.
  8860 | D:8      | Found a bloodstained altar of Trog.
  8921 | D:8      | XOM: swap monsters
  8924 | D:8      | Reached skill level 12 in Axes
  8924 | D:8      | Reached XP level 10. HP: 69/75 MP: 10/10
  8971 | D:8      | Found a blossoming altar of Fedhas.
  9009 | D:8      | XOM: scenery: summon butterflies
  9078 | D:8      | XOM: god gift: 11 bolts
  9247 | D:8      | XOM: give mutations
  9247 | D:8      | Lost mutation: Scrolls take you longer to read. [Xom's
                  | mischief]
  9247 | D:8      | Lost mutation: Scrolls take you a little longer to read.
                  | [Xom's mischief]
  9534 | D:9      | XOM: cleaving
  9540 | D:9      | HP: 3/75 [wyvern (14)]
  9540 | D:9      | XOM: smoke on damage
  9540 | D:9      | Mangled by a wyvern

Illustrated notes

Levels and vault maps discovered:
D:1:      dpeg_arrival_short_road, layout_basic, nrook_loot_triangle,
          minmay_tripent
D:2:      layout_basic, uniq_sigmund
D:3:      layout_basic, chequers_serial_rivers_micro_c, minmay_misc_feat_rugged
D:4:      layout_loops_corners, dk_yredelemnul_ordeal
D:5:      layout_gridville, nemelex_xobeh_ov_fountains_minmay,
          minmay_temple_entry_wispy, cheibrodos_sewer_entry_bend,
          xom_teletrap_fun, uniq_edmund
D:6:      layout_gridville, kennysheep_mini
D:7:      layout_basic, grunt_gozag_breadcrumbs, uniq_prince_ribbit1,
          uniq_joseph, uniq_duvessa, uniq_pikel
D:8:      layout_loops_ring, kennysheep_little_box,
          nicolae_overflow_hidden_temple, nicolae_overflow_crystal_walls,
          amethyst_overflow_temple_binary, chequers_serial_rivers_room_a,
          minivault_4, kennysheep_generic_room_8
D:9:      layout_rooms, slow_altar_1, hangedman_decor_push

Skill      XL: |  1  2  3  4  5  6  7  8  9 |
---------------+----------------------------+-----
Axes           | 5 6 8 10 12 | 12.1
Fighting       | 4 5 6 |  6.9
Dodging        | 3 4 5 |  5.5
Stealth        | 1 2 |  2.0

Action                   |  1- 3 |  4- 6 |  7- 9 | 10-12 || total
-------------------------+-------+-------+-------+-------++-------
Melee: Hand axe          |    82 |    92 |       |       ||   174
       Tailslap          |    11 |     9 |    59 |     4 ||    83
       War axe           |       |    62 |   541 |    45 ||   648
 Abil: Breathe Noxious F |       |       |    16 |     1 ||    17
  Use: Potion            |     3 |       |     2 |       ||     5
       Scroll            |       |     9 |     2 |       ||    11
 Stab: Distracted        |     1 |       |     2 |       ||     3
       Sleeping          |       |     1 |     5 |       ||     6
       Confused          |       |       |    14 |       ||    14
       Invisible         |       |       |     4 |       ||     4
       Petrified         |       |       |     1 |       ||     1
Armor: Skin              |    41 |    41 |   177 |    13 ||   272
Dodge: Dodged            |    71 |   109 |   386 |    26 ||   592

Table legend: (Time is in decaauts)
 A = Elapsed time spent in this place.
 B = Non-inter-level travel time spent in this place.
 C = Inter-level travel time spent in this place.
 D = Time resting spent in this place.
 E = Time spent auto-exploring this place.
 F = Levels seen in this place.
 G = Mean time per level.
                   A        B        C        D        E       F      G
               +--------+--------+--------+--------+--------+-----+--------+
         Total |   9634 |   9370 |    264 |   2477 |   4845 |  10 |  963.4 |
       Dungeon |   8993 |   8729 |    264 |   2313 |   4845 |   9 |  999.2 |
         Sewer |    641 |    641 |      0 |    164 |      0 |   1 |  641.0 |
               +--------+--------+--------+--------+--------+-----+--------+

Top non-repeatable levels by time:
     D:6: 1589 daAuts
     D:7: 1516 daAuts
     D:4: 1329 daAuts
     D:5: 1206 daAuts
     D:8: 1128 daAuts
     D:3: 850 daAuts
     D:2: 721 daAuts
   Sewer: 641 daAuts
     D:1: 636 daAuts
     D:9: 14 daAuts
